AoeStats
← Michi3052

Migration

503876409Analyzed
1v1 RM · 1mo ago on Sep 2, 2026· 29m 58s· 2 players
Game mode
Random Map
Map size
132×132
Population
200
Speed
Normal
Resources
Standard
Victory
Conquest
Starting age
Dark Age
Ending age
Imperial Age
RankedLock teamsTeams togetherTeam positionsShared explorationLock speedFull tech treeHidden civsTurbo modeCheats
Victory
Defeat
🇺🇸 Malay · United States
676
+17
🇪🇸 Ethiopians · Spain
705
-17
lilith
7:50 Loom
10:58 Feudal Age
11:13 Town Watch
11:39 Double-Bit Axe
15:40 Fishing Lines
19:03 Horse Collar
19:24 Fletching
20:50 Man-at-Arms
21:18 Arson
23:29 Horse Collar
24:28 Forging
31:10 Castle Age
29:33 Padded Archer Armor
Michi3052
7:48 Loom
11:24 Feudal Age
14:04 Double-Bit Axe
23:26 Castle Age
21:29 Man-at-Arms
22:16 Horse Collar
23:31 Stone Mining
23:38 Long Swordsman
31:06 Wheelbarrow
Connection lost

Rejoining the realm…

Still unreachable

The connection could not be restored.

Session expired

The server has moved on; the page needs a fresh start.